 Dungeon Crawl Stone Soup version 0.31.0-32-g396128a36d (webtiles) character file.

Game seed: 7026543542529099123

96 bronco the Magician (level 4, -4/35 HPs)
             Began as a Mummy Monk on Mar 30, 2024.
             Slain by an iguana (11 damage)
             ... on level 4 of the Dungeon.
             The game lasted 00:04:39 (2194 turns).

bronco the Magician (Mummy Monk)                    Turns: 2194, Time: 00:04:40

Health: -4/35      AC: 12    Str: 14    XL:     4   Next: 41%
Magic:  10/11      EV: 11    Int: 11    God:
Gold:   209        SH:  0    Dex: 14    Spells: 13/13 levels left

rFire   x . .        a - +0 spear
rCold   + . .        c - orb {light}
rNeg    + + +        o - +0 ring mail
rPois   ∞            n - +0 helmet
rElec   .            (no cloak)
rCorr   .            l - +0 pair of gloves
SInv    .            b - +0 pair of boots
Will    .....        (no amulet)
Stlth   +            i - +4 ring of protection
HPRegen 0.25/turn    (no ring)
MPRegen 0.12/turn

%: faith
@: glowing
A: cold resistance 1, negative energy resistance 3, torment resistance 2, heat
vulnerability 1, in touch with death 1, no potions, faith
a: no special abilities


You were on level 4 of the Dungeon.
You visited 1 branch of the dungeon, and saw 4 of its levels.

You collected 209 gold pieces.

Inventory:

Hand Weapons
 a - a +0 spear (weapon)
 p - a +0 falchion
 s - a +0 war axe
Missiles
 d - 3 poisoned darts
 k - 22 stones
Armour
 b - a +0 pair of boots (worn)
 c - an orb of light (worn)
 j - a +0 leather armour
 l - a +0 pair of gloves (worn)
 n - a +0 helmet (worn)
 o - a +0 ring mail (worn)
Magical Staves
 e - a staff of alchemy
Jewellery
 i - a +4 ring of protection (left hand)
Wands
 t - a wand of light (3) (quivered)
Scrolls
 f - 5 scrolls of identify {unknown}
 g - a scroll of noise {unknown}
 h - a scroll of fog {unknown}
 m - 2 scrolls of enchant armour {unknown}
 q - a scroll of teleportation {unknown}
 r - a scroll of fear {unknown}


   Skills:
 - Level 3.0 Fighting
 - Level 2.4 Polearms
 - Level 2.4 Dodging
 + Level 5.0 Spellcasting


You had 13 spell levels left.
You didn't know any spells.
Your spell library contained the following spells:

 Spells                   Type           Power      Damage    Failure   Level
 Kiss of Death            Conj/Necr      16%        2d6       41%         1
 Magic Dart               Conj           8%         1d3       41%         1
 Searing Ray              Conj           4%         2d4       54%         2
 Confusing Touch          Hex            2%         N/A       78%         3
 Inner Flame              Hex/Fire       2%         N/A       78%         3
 Stone Arrow              Conj/Erth      4%         3d7       78%         3
 Animate Armour           Summ/Erth      4%         N/A       99%         4
 Dispel Undead            Necr           4%         3d7       99%         4
 Flame Wave               Conj/Fire      2%         2d4       99%         4
 Fulminant Prism          Conj/Alch      1%         3d5       99%         4
 Sticky Flame             Fire/Alch      2%         2d4       99%         4
 Lehudib's Crystal Spear  Conj/Erth      1%         10d2      100%        8


Dungeon Overview and Level Annotations

Branches:
Dungeon (4/15)
 Temple: D:4-7

Altars:
Kikubaaqudgha
Ru
Sif Muna

Shops:
D:1 [


Innate Abilities, Weirdness & Mutations

You are immune to poison.
Your flesh is cold resistant. (rC+)
You are immune to negative energy. (rN+++)
You are immune to unholy pain and torment.
You are vulnerable to heat. (rF-)
You are in touch with the powers of death.
You do not drink.
You have a special connection with the divine. (Faith)


Message History

You hit the iguana but do no damage.
The iguana is moderately wounded.
The iguana barely misses you.
You hit the iguana.
The iguana is heavily wounded.
The iguana bites you.
You hit the iguana.
The iguana is severely wounded.
The iguana closely misses you.
You hit the iguana.
The iguana is severely wounded.
The iguana misses you.
You hit the iguana but do no damage.
The iguana is severely wounded.
The iguana hisses menacingly.
The iguana bites you!
* * * LOW HITPOINT WARNING * * *
You barely miss the iguana.
The iguana is severely wounded.
The iguana bites you.
* * * LOW HITPOINT WARNING * * *
You hit the iguana but do no damage.
The iguana is severely wounded.
The iguana closely misses you.
You can't drink.
Okay, then.
Aiming: Bolt of Light
Press: ? - help, Q - select action, (/) - cycle Shift-Dir - straight line, f - iguana, p - iguana
Aim: an iguana (haloed, 83% to hit)
The bolt of light hits the iguana!
You kill the iguana!
The bolt of light hits the iguana.
The iguana is moderately wounded.
The iguana is blinded.
Your Spellcasting skill increases to level 5!
Unknown command.
You hit the iguana.
The iguana is heavily wounded.
The iguana bites you!
You die...

##.)......z..
#.........l.
##.......zz.
#.. ###..##
#..?.. #...#
#..# # #@# ..
##l# $J#
#..########
#..#⌠....l.
#..#.._.._.
#..'⌠......
#..#.......
......#
#..##########.#
......
#.........^...#


You could see an iguana (blind, unable to see you).

Vanquished Creatures
  An iguana (D:4)
  2 adders
  2 orcs (D:3)
  3 ball pythons
  5 endoplasms
  3 giant cockroaches
  5 goblins
  A hobgoblin (D:3)
  4 jackals (D:1)
  4 quokkas
  6 bats
  4 frilled lizards
  3 kobolds
  7 rats
50 creatures vanquished.

Notes
Turn   | Place    | Note
-------+----------+-------------------------------------------
     0 | D:1      | bronco the Mummy Monk began the quest for the Orb.
     0 | D:1      | Reached XP level 1. HP: 18/18 MP: 1/1
    34 | D:1      | Reached skill level 1 in Spellcasting
   104 | D:1      | Found Dajosuump's Antique Armour Shop.
   194 | D:1      | Reached skill level 2 in Spellcasting
   194 | D:1      | Reached XP level 2. HP: 24/24 MP: 5/5
   736 | D:2      | Reached skill level 3 in Spellcasting
   983 | D:2      | Found a shimmering blue altar of Sif Muna.
  1081 | D:2      | Reached XP level 3. HP: 29/29 MP: 7/7
  1884 | D:3      | Reached skill level 4 in Spellcasting
  2017 | D:4      | Noticed a wight
  2018 | D:4      | Noticed a wight
  2018 | D:4      | Noticed a wight
  2122 | D:4      | Reached XP level 4. HP: 35/35 MP: 8/10
  2173 | D:4      | Found a sacrificial altar of Ru.
  2173 | D:4      | Found an ancient bone altar of Kikubaaqudgha.
  2194 | D:4      | Reached skill level 5 in Spellcasting
  2194 | D:4      | Slain by an iguana

Illustrated notes

Levels and vault maps discovered:
D:1:      spicycebolla_arrival_ecumenical, layout_basic, serial_shops,
          nicolae_shop_stone
D:2:      layout_rooms, basic_altar
D:3:      layout_basic
D:4:      layout_cave_pods, jmf_multi_god_temple,
          lightli_ossuary_entry_decrepit_ruins, cheibrodos_sewer_entry_sluice

Skill      XL: |  1  2  3  4 |
---------------+-------------+-----
Spellcasting   | 2 3 4 5 |  5.0
Fighting       | |  3.0
Polearms       | |  2.4
Dodging        | |  2.4

Action                     |  1- 3 |  4- 6 || total
---------------------------+-------+-------++-------
  Melee: Spear             |   131 |    18 ||   149
  Evoke: Wand              |       |     1 ||     1
 Armour: Robe              |    30 |       ||    30
         Leather armour    |    19 |       ||    19
         Ring mail         |    12 |    10 ||    22
  Dodge: Dodged            |    59 |    10 ||    69
